 Dungeon Crawl Stone Soup version 0.20.1-1-g8b1a95d (webtiles) character file.

1846 Melbolja the Covered (level 9, -15/64 HPs)
             Began as a Hill Orc Fire Elementalist on Oct 1, 2017.
             Demolished by a two-headed ogre
             ... wielding a +0 giant club
              (22 damage)
             ... on level 7 of the Dungeon on Oct 2, 2017.
             The game lasted 00:56:09 (6099 turns).

Melbolja the Covered (Hill Orc Fire Elementalist)   Turns: 6099, Time: 00:56:10

Health: -15/64     AC:  3    Str: 11      XL:     9   Next: 12%
Magic:  5/24       EV: 12    Int: 16      God:
Gold:   398        SH:  3    Dex: 11 (13) Spells: 10/16 levels left

rFire    + . .     SeeInvis .   O - +0 shortbow (freeze)
rCold    x . .     Gourm    .   (shield currently unavailable)
rNeg     . . .     Faith    .   a - +0 robe
rPois    .         Spirit   .   (no helmet)
rElec    .         Reflect  +   (no cloak)
rCorr    .         Harm     .   C - +0 pair of gloves
MR       .....                  (no boots)
Stlth    ++........             N - +3 amulet of reflection
Regen    0.2/turn               e - ring of magical power
MPRegen  0.2/turn               I - ring of fire

@: no status effects
A: no striking features
a: no special abilities


You were on level 7 of the Dungeon.
You were full.

You visited 1 branch of the dungeon, and saw 7 of its levels.

You collected 398 gold pieces.

Inventory:

Hand Weapons
 i - a +2 hunting sling
 m - a +2 dire flail of protection
 F - a +0 shortbow
 O - a +0 shortbow of freezing (weapon)
Missiles
 d - 153 arrows (quivered)
 h - 27 sling bullets
 k - 5 javelins
 s - 155 stones
 u - 11 tomahawks
Armour
 a - a +0 robe (worn)
 n - a +2 plate armour of magic resistance
 C - a +0 pair of gloves (worn)
Jewellery
 e - a ring of magical power (left hand)
 l - an uncursed ring of protection from magic
 q - an uncursed ring of flight
 w - a +3 ring of dexterity
 I - a ring of fire (right hand)
 J - an uncursed ring of protection from fire
 N - a +3 amulet of reflection (around neck)
Wands
 B - a wand of iceblast (9/15)
Scrolls
 t - 2 scrolls of fear
 y - a scroll of remove curse
 z - 3 scrolls of teleportation
 G - a scroll of identify
 L - a scroll of recharging
Potions
 f - a potion of resistance
 v - a potion of ambrosia
 x - a potion of lignification {unknown}
 A - a potion of brilliance {unknown}
 H - 2 potions of haste {unknown}
 K - 2 potions of mutation {unknown}
Books
 b - a book of Flames

   Spells                             Type                      Level
   a - Flame Tongue                   Conjuration/Fire             1
   b - Throw Flame                    Conjuration/Fire             2
   c - Conjure Flame                  Conjuration/Fire             3
   d - Inner Flame                    Hexes/Fire                   3
   e - Sticky Flame                   Conjuration/Fire             4
   f - Fireball                       Conjuration/Fire             5
 D - a book of Maledictions

   Spells                             Type                      Level
   a - Corona                         Hexes                        1
   b - Ensorcelled Hibernation        Hexes/Ice                    2
   c - Confuse                        Hexes                        3
   d - Tukima's Dance                 Hexes                        3
   e - Dazzling Spray                 Conjuration/Hexes            3
Comestibles
 c - 5 bread rations
 g - 11 fruits
 j - 5 royal jellies
 o - 2 meat rations


   Skills:
 - Level 1.0 Fighting
 - Level 3.4 Maces & Flails
 - Level 1.9 Slings
 * Level 2.2 Bows
 * Level 7.0 Armour
 - Level 2.5 Dodging
 - Level 1.8 Stealth
 + Level 4.0 Spellcasting
 + Level 4.8 Conjurations
 - Level 4.3 Fire Magic


You had 10 spell levels left.
You knew the following spells:

 Your Spells              Type           Power        Failure   Level  Hunger
a - Sticky Flame          Conj/Fire      ####....     26%         4    ####...
b - Throw Flame           Conj/Fire      ####..       3%          2    ##.....


Dungeon Overview and Level Annotations

Branches:
Dungeon (7/15)             Temple (0/1) D:4

Altars:
The Shining One

Annotations:
D:3 Melbolja's ghost, amateur TrWr
D:4 exclusion: oklob sapling


Message History

Firing (i - inventory. (,) - cycle):
d - 154 arrows (quivered)
Press: ? - help, Shift-Dir - straight line, f/p - two-headed ogre
Aim: a two-headed ogre, wielding a giant club and a giant spiked club (lightly wounded)
You shoot an arrow.
The arrow hits the two-headed ogre but does no damage.
The two-headed ogre is lightly wounded.
Casting: Sticky Flame
Confirm with . or Enter, or press ? or * to list all spells.
Aiming: Sticky Flame
Press: ? - help, Shift-Dir - straight line, f/p - two-headed ogre
Aim: a two-headed ogre, wielding a giant club and a giant spiked club (lightly wounded)
You feel a surge of power!
The sticky flame hits the two-headed ogre.
The two-headed ogre is moderately wounded.
The two-headed ogre is covered in liquid flames!
The two-headed ogre burns!
The two-headed ogre hits you with a giant club!!
* * * LOW HITPOINT WARNING * * *
The two-headed ogre hits you with a giant spiked club!!
You die...

##### #........ #...#
#...###..
#########...######...# #..
...................### ###
#.....#..^######.# #
#.....#...# #.# ###
##...†...### #.. #..
#<...###.########...#+#..
####....@O....((.........
#..........##########..####
#.####.####(... ##.# #.#
..... #.# ...?.. ... .(....
#.# ##+### #.#


You could see a two-headed ogre (burning).

Vanquished Creatures
  Grinder (D:3)
  A hippogriff (D:7)
  A water moccasin (D:5)
  A sky beast (D:7)
  An orc warrior (D:6)
  2 ogres
  A phantom (D:5)
  2 centaurs
  A water moccasin skeleton (D:5)
  A quasit (D:7)
  2 hounds
  A jelly (D:7)
  An orc priest (D:6)
  A centaur skeleton (D:6)
  6 orc wizards
  An iguana (D:6)
  4 worker ants
  Robin (D:3)
  4 gnolls (D:3)
  A howler monkey zombie (D:5)
  6 adders
  2 shadow imps
  An ooze (D:1)
  2 worms
  10 dart slugs
  A leopard gecko (D:1)
  15 orcs
  4 giant cockroaches
  16 goblins
  10 hobgoblins
  7 jackals
  4 quokkas
  A ball python (D:2)
  6 bats
  3 frilled lizards
  7 kobolds
  10 rats
139 creatures vanquished.

Vanquished Creatures (others)
  An orc wizard (D:6)
1 creature vanquished.

Grand Total: 140 creatures vanquished

Notes
Turn   | Place    | Note
-------+----------+-------------------------------------------
     0 | D:1      | Melbolja the Hill Orc Fire Elementalist began the quest for the Orb.
     0 | D:1      | Reached XP level 1. HP: 14/14 MP: 3/3
   277 | D:1      | Reached XP level 2. HP: 20/20 MP: 4/4
   728 | D:1      | Reached XP level 3. HP: 26/26 MP: 5/5
  1320 | D:2      | Found a glowing golden altar of the Shining One.
  1674 | D:2      | Reached XP level 4. HP: 29/33 MP: 6/6
  1806 | D:3      | Noticed Melbolja's ghost (amateur TrWr)
  1982 | D:3      | Learned a level 2 spell: Throw Flame
  2131 | D:3      | Reached skill level 1 in Slings
  2315 | D:3      | Reached XP level 5. HP: 39/39 MP: 8/8
  2409 | D:3      | Reached skill level 1 in Fighting
  2743 | D:3      | Noticed Grinder
  2789 | D:3      | Killed Grinder
  2789 | D:3      | Reached skill level 2 in Armour
  2789 | D:3      | Reached XP level 6. HP: 47/47 MP: 10/10
  2930 | D:3      | Noticed Robin
  2938 | D:3      | Killed Robin
  3667 | D:4      | Reached skill level 3 in Armour
  3667 | D:4      | Reached XP level 7. HP: 36/52 MP: 11/11
  3681 | D:4      | Found a staircase to the Ecumenical Temple.
  3873 | D:4      | Reached skill level 4 in Armour
  4231 | D:5      | Entered Level 5 of the Dungeon
  4414 | D:5      | Reached skill level 1 in Maces & Flails
  4554 | D:5      | Reached skill level 5 in Armour
  4554 | D:5      | Reached XP level 8. HP: 59/59 MP: 13/13
  5064 | D:5      | Learned a level 4 spell: Sticky Flame
  5439 | D:6      | Reached skill level 6 in Armour
  5756 | D:6      | Reached skill level 1 in Bows
  6073 | D:7      | Reached XP level 9. HP: 42/64 MP: 8/14
  6081 | D:7      | Reached skill level 7 in Armour
  6094 | D:7      | Noticed a two-headed ogre
  6099 | D:7      | Demolished by a two-headed ogre

Skill      XL: |  1  2  3  4  5  6  7  8  9 |
---------------+----------------------------+-----
Fire Magic     | 4 |  4.3
Spellcasting   | 2 3 4 |  4.0
Slings         | 1 |  1.9
Fighting       | 1 |  1.0
Dodging        | 2 |  2.5
Armour         | 2 3 5 6 7 |  7.0
Conjurations   | 2 3 4 |  4.8
Maces & Flails | 1 3 |  3.4
Bows           | 1 2 |  2.2
Stealth        | |  1.8

Action                   |  1- 3 |  4- 6 |  7- 9 || total
-------------------------+-------+-------+-------++-------
Melee: Dire flail        |       |       |    40 ||    40
       Hunting sling     |       |       |     2 ||     2
 Fire: Hunting sling     |    23 |   217 |   125 ||   365
       Shortbow          |       |       |    51 ||    51
Throw: Stone             |     2 |       |       ||     2
 Cast: Flame Tongue      |    61 |     3 |       ||    64
       Throw Flame       |       |    23 |     7 ||    30
       Sticky Flame      |       |       |    19 ||    19
  Use: Scroll            |       |    10 |     4 ||    14
       Potion            |       |     2 |     6 ||     8
  Eat: Bread ration      |     1 |       |       ||     1
       Chunk             |       |     3 |     2 ||     5
       Meat ration       |       |     1 |     3 ||     4
Armor: Robe              |     9 |     1 |    20 ||    30
       Plate armour      |       |    84 |    47 ||   131
Dodge: Dodged            |    16 |    10 |    56 ||    82
Block: Other             |       |       |     9 ||     9
       Reflection        |       |       |     2 ||     2
